 Dungeon Crawl Stone Soup version 0.20.1-1-g8b1a95d (webtiles) character file.

57 taka the Bolt Thrower (level 4, 0/32 HPs)
             Began as a Human Wanderer on Aug 20, 2017.
             Slain by a jackal (1 damage)
             ... on level 3 of the Dungeon.
             The game lasted 00:07:52 (2904 turns).

taka the Bolt Thrower (Human Wanderer)              Turns: 2904, Time: 00:07:54

Health: 0/32       AC:  3    Str: 13    XL:     4   Next: 18%
Magic:  6/6        EV: 12    Int: 10    God:
Gold:   70         SH:  0    Dex: 15    Spells: 5/5 levels left

rFire    . . .     SeeInvis .   a - +2 dagger
rCold    . . .     Gourm    .   (no shield)
rNeg     . . .     Faith    .   f - +0 robe
rPois    .         Spirit   .   (no helmet)
rElec    .         Reflect  .   (no cloak)
rCorr    .         Harm     .   p - +0 pair of gloves
MR       .....     Rnd*Tele +   (no boots)
Stlth    ++........             (no amulet)
Regen    0.1/turn               o - ring of teleportation (curse)
MPRegen  0.1/turn               (no ring)

@: no status effects
A: no striking features
a: no special abilities


You were on level 3 of the Dungeon.
You were not hungry.

You visited 1 branch of the dungeon, and saw 3 of its levels.

You collected 70 gold pieces.

Inventory:

Hand Weapons
 a - a +2 dagger (weapon)
 c - a +0 hand crossbow
Missiles
 d - 44 bolts
Armour
 f - a +0 robe (worn)
 p - a +0 pair of gloves (worn)
Jewellery
 o - a cursed ring of teleportation (left hand)
Wands
 s - a wand of confusion (30/48)
Scrolls
 b - a scroll of fear
 h - a scroll of fog {unknown}
 i - a scroll of blinking {unknown}
 k - 4 scrolls of identify {unknown}
 m - 2 scrolls of teleportation {unknown}
 r - a scroll of enchant weapon {unknown}
Potions
 e - 5 potions of curing
 l - a potion of lignification {unknown}
 n - a potion of haste {unknown}
 t - a potion of mutation {unknown}
 u - a potion of degeneration {unknown}
Comestibles
 g - a bread ration
 j - 2 fruits
 q - 2 royal jellies
 v - 2 chunks of flesh


   Skills:
 + Level 1.4 Fighting
 + Level 0.4 Short Blades
 + Level 5.5 Crossbows
 + Level 1.3 Dodging
 + Level 1.3 Stealth
 * Level 1.3 Spellcasting
 + Level 2.0 Evocations


You had 5 spell levels left.
You didn't know any spells.

Dungeon Overview and Level Annotations

Branches:
Dungeon (3/15)

Altars:
Fedhas
Nemelex Xobeh
Okawaru
Qazlal
Ru

Annotations:
D:3 Sigmund; TotoDurand's ghost, amateur DsGl


Message History

The jackal is almost dead.
The bat hits you but does no damage. The jackal completely misses you.
The jackal bites you.
* * * LOW HITPOINT WARNING * * *
The jackal closely misses you.
Unknown command.
You barely miss the jackal.
The jackal is almost dead.
The jackal bites you but does no damage.
The jackal completely misses you. The jackal bites you.
* * * LOW HITPOINT WARNING * * *
The bat misses you. The jackal barely misses you. The jackal bites you.
* * * LOW HITPOINT WARNING * * *
You hit the jackal but do no damage.
The jackal is almost dead.
The bat closely misses you. The jackal closely misses you.
The jackal bites you.
* * * LOW HITPOINT WARNING * * *
The jackal bites you.
You die...

.. ...
############# ....
#...≈g≈..@†.##....
#.8.≈≈≈.hhh.b....%
#8_8.....K.......h
#.8.≈≈≈...........
#...≈g≈..........#
########...>.?...#
###########


You could see 3 jackals, 2 goblins, a bat and a kobold.

Vanquished Creatures
  A dart slug (D:1)
  2 leopard geckos
  5 orcs (D:3)
  A giant cockroach (D:1)
  4 hobgoblins
  10 bats
  4 frilled lizards
  6 goblins
  11 kobolds
  4 rats
48 creatures vanquished.

Notes
Turn   | Place    | Note
-------+----------+-------------------------------------------
     0 | D:1      | taka the Human Wanderer began the quest for the Orb.
     0 | D:1      | taka set off with: a +2 dagger, a scroll of fear, a +0 hand crossbow, 25 bolts, a potion of curing, a +0 robe, a bread ration
     0 | D:1      | Reached XP level 1. HP: 15/15 MP: 2/2
   211 | D:1      | Reached XP level 2. HP: 6/21 MP: 3/3
   714 | D:1      | Reached XP level 3. HP: 15/26 MP: 4/4
  1398 | D:2      | Found a stormy altar of Qazlal.
  1410 | D:2      | Found a sparkling altar of Nemelex Xobeh.
  1586 | D:2      | Reached skill level 1 in Spellcasting
  1731 | D:2      | Found a sacrificial altar of Ru.
  2303 | D:2      | Found a blossoming altar of Fedhas.
  2408 | D:3      | Noticed TotoDurand's ghost (amateur DsGl)
  2413 | D:3      | Noticed Sigmund
  2545 | D:3      | Reached XP level 4. HP: 29/32 MP: 4/6
  2883 | D:3      | Found an iron altar of Okawaru.
  2904 | D:3      | HP: 1/32 [jackal (1)]
  2904 | D:3      | Slain by a jackal

Skill      XL: |  1  2  3 |
---------------+----------+-----
Spellcasting   | 1 |  1.3
Fighting       | |  1.4
Short Blades   | |  0.4
Crossbows      | |  5.5
Dodging        | |  1.3
Stealth        | |  1.3
Evocations     | |  2.0

Action                   |  1- 3 |  4- 6 || total
-------------------------+-------+-------++-------
Melee: Dagger            |   138 |    53 ||   191
  Eat: Chunk             |     5 |     1 ||     6
Armor: Robe              |    43 |    21 ||    64
Dodge: Dodged            |   112 |    73 ||   185
